Map: Proxima Station LE

Players

fastr

  • Race: Protoss Protoss
  • League: Diamond
  • Spawn Location: 7:00

MuT - Winner!

  • Race: Zerg Zerg
  • Spawn Location: 1:00

VOD

Have the link to the VOD?

Description

Time

  • Played on: April 23, 2017, 11:41 a.m.
  • Length: 17:11
Show
View Real Time Build Order
Export as new Build Order

fastr Protoss 

Build Orders: 1 Gate Expand, Oracle Opening 

Get SALT Encoding   

  12  0:00  Probe (Chrono Boost)  
  13  0:12  Probe (Chrono Boost)  
  14  0:19  Pylon  
  14  0:24  Probe (Chrono Boost)  
  15  0:37  Probe (Chrono Boost)  
  15  0:40  Gateway  
  16  0:48  Probe (Chrono Boost)  
  17  0:58  Probe (Chrono Boost)  
  18  1:09  Probe (Chrono Boost)  
  19  1:19  Nexus  
  19  1:28  Cybernetics Core  
  19  1:34  Assimilator  
  19  1:41  Probe (Chrono Boost)  
  19  1:44  Assimilator  
  20  1:50  Pylon  
  20  1:52  Probe (Chrono Boost)  
  21  2:03  Probe (Chrono Boost)  
  21  2:06  Adept  
  22  2:12  Warp Gate  
  22  2:15  Probe (Chrono Boost)  
  25  2:27  Probe (Chrono Boost)  
  26  2:30  Adept  
  26  2:31  Probe (Chrono Boost)  
  29  2:39  Probe (Chrono Boost)  
  29  2:42  Probe (Chrono Boost)  
  32  2:51  Probe (Chrono Boost)  
  32  2:52  Probe (Chrono Boost)  
  32  2:58  Stargate  
  33  3:03  Probe (Chrono Boost)  
  35  3:05  Probe (Chrono Boost)  
  35  3:14  Pylon  
  35  3:16  Probe (Chrono Boost)  
  35  3:17  Mothership Core (Chrono Boost)  
  38  3:27  Probe (Chrono Boost)  
  39  3:33  Gateway  
  39  3:34  Gateway  
  39  3:37  Probe x2 (Chrono Boost)  
  41  3:48  Oracle, Probe (Chrono Boost)  
  43  3:49  Probe (Chrono Boost)  
  43  3:51  Assimilator  
  43  3:53  Assimilator  
  46  3:58  Probe (Chrono Boost)  
  46  4:01  Probe (Chrono Boost)  
  48  4:09  Probe (Chrono Boost)  
  49  4:13  Pylon, Probe (Chrono Boost)  
  49  4:19  Probe (Chrono Boost)  
  49  4:23  Oracle  
  51  4:25  Probe (Chrono Boost)  
  54  4:32  Probe (Chrono Boost)  
  54  4:37  Probe (Chrono Boost)  
  56  4:38  Nexus  
  56  4:43  Probe (Chrono Boost)  
  56  4:45  Pylon  
  57  4:46  Pylon  
  57  4:49  Probe (Chrono Boost)  
  58  4:53  Pylon  
  58  5:09  Probe (Chrono Boost)  
  58  5:10  Probe (Chrono Boost)  
  60  5:17  Protoss Air Weapons Level 1  
  60  5:18  Stargate x2  
  60  5:20  Fleet Beacon, Probe (Chrono Boost)  
  62  5:23  Pylon, Probe (Chrono Boost)  
  62  5:25  Assimilator  
  62  5:29  Assimilator  
  62  5:30  Probe (Chrono Boost)  
  62  5:31  Pylon  
  62  5:35  Probe (Chrono Boost)  
  64  5:41  Probe (Chrono Boost)  
  64  5:42  Gateway  
  65  5:47  Probe (Chrono Boost)  
  66  5:51  Probe (Chrono Boost)  
  66  5:56  Adept x3  
  73  6:01  Probe (Chrono Boost)  
  73  6:02  Probe x2 (Chrono Boost)  
  76  6:08  Pylon  
  76  6:11  Probe (Chrono Boost)  
  76  6:12  Probe (Chrono Boost)  
  76  6:14  Carrier  
  76  6:15  Carrier  
  88  6:42  Robotics Facility, Adept x3  
  63  7:02  Adept  
  63  7:03  Adept x2  
  64  7:16  Gateway x2  
  64  7:20  Carrier  
  70  7:25  Adept x3  
  70  7:26  Gateway  
  70  7:27  Gateway  
  76  7:30  Mothership Core (Chrono Boost), Gateway  
  73  7:42  Observer  
  66  7:54  Probe (Chrono Boost)  
  66  7:56  Probe (Chrono Boost)  
  65  8:00  Observer  
  65  8:01  Carrier  
  65  8:05  Probe (Chrono Boost)  
  69  8:08  Probe (Chrono Boost)  
  68  8:15  Adept x2  
  68  8:16  Adept  
  66  8:30  Pylon  
  66  8:34  Probe (Chrono Boost)  
  68  8:35  Probe (Chrono Boost)  
  68  8:38  Carrier  
  74  8:47  Carrier  
  80  8:56  Pylon  
  80  8:58  Pylon  
  80  9:06  Nexus  
  81  9:11  Probe (Chrono Boost)  
  81  9:12  Pylon  
  83  9:24  Probe (Chrono Boost)  
  83  9:25  Probe (Chrono Boost)  
  83  9:32  Adept  
  83  9:34  Carrier  
  83  9:35  Probe (Chrono Boost)  
  83  9:38  Probe (Chrono Boost)  
  93  9:48  Twilight Council  
  93  9:51  Probe (Chrono Boost)  
  93  9:52  Probe (Chrono Boost)  
  95  10:01  Probe (Chrono Boost)  
  95  10:04  Carrier, Probe (Chrono Boost)  
  103  10:19  Graviton Catapult  
  103  10:23  Probe (Chrono Boost)  
  103  10:24  Probe x2 (Chrono Boost)  
  105  10:41  Pylon  
  109  10:43  Pylon  
  109  10:44  Mothership Core (Chrono Boost), Probe x2 (Chrono Boost)  
  109  10:47  Resonating Glaives  
  109  10:55  Adept  
  109  10:56  Probe x2 (Chrono Boost)  
  113  11:03  Protoss Air Weapons Level 2  
  114  11:04  Probe (Chrono Boost)  
  114  11:08  Probe x2 (Chrono Boost)  
  114  11:09  Carrier  
  122  11:26  Nexus  
  122  11:30  Pylon  
  122  11:34  Carrier  
  122  11:35  Pylon  
  127  11:54  Forge  
  127  11:57  Templar Archives  
  127  12:00  Probe x3 (Chrono Boost)  
  124  12:12  Probe x3 (Chrono Boost)  
  124  12:14  Observer  
  124  12:19  Adept x4  
  124  12:20  Adept  
  134  12:23  Assimilator  
  134  12:26  Probe (Chrono Boost)  
  134  12:27  Probe x2 (Chrono Boost)  
  137  12:33  Photon Cannon  
  137  12:34  Photon Cannon  
  137  12:35  Observer  
  138  12:47  Photon Cannon  
  138  12:55  Photon Cannon  
  138  12:57  Pylon  
  138  12:59  Carrier  
  138  13:01  Assimilator  
  138  13:03  Psionic Storm  
  144  13:14  Dark Shrine  
  144  13:20  Adept  
  144  13:22  Protoss Air Weapons Level 3  
  144  13:24  Adept  
  148  13:36  Photon Cannon  
  148  13:39  Photon Cannon  
  147  13:43  Pylon  
  147  13:53  Protoss Shields Level 1  
  147  13:56  Blink  
  147  13:58  High Templar x3  
  153  14:03  Adept  
  153  14:07  Adept x4  
  161  14:33  High Templar  
  161  14:34  High Templar x2  
  161  14:36  Nexus, Pylon  
  167  14:40  Pylon  
  167  14:43  Pylon  
  167  14:45  Assimilator  
  167  14:49  Assimilator  
  167  14:51  Adept x5  
  90  15:19  Mothership Core (Chrono Boost), Adept x6  
  90  15:20  Adept x2  
  70  15:45  Dark Templar x2  
  70  15:46  Mothership Core (Chrono Boost), Dark Templar x2  
  73  16:01  Dark Templar x2  
  61  16:12  Dark Templar  
  47  16:27  High Templar  
  49  16:43  Probe x2 (Chrono Boost)  
  49  16:44  Probe x2 (Chrono Boost)  
  53  16:47  High Templar  
  53  16:53  Adept  
  56  16:56  Adept  
  57  17:03  Archon  
Show
View Real Time Build Order
Export as new Build Order

MuT Zerg - Winner!

Build Orders: Hatch First 

Get SALT Encoding   

  12  0:01  Drone  
  13  0:13  Overlord  
  13  0:17  Drone  
  14  0:31  Drone x2  
  16  0:36  Drone  
  17  0:54  Hatchery  
  17  0:56  Drone  
  17  1:03  Drone  
  18  1:06  Extractor  
  17  1:18  Spawning Pool  
  17  1:19  Drone  
  17  1:23  Drone  
  18  1:29  Drone  
  19  1:44  Overlord  
  19  1:53  Drone  
  20  2:06  Zergling x2  
  20  2:08  Queen x2  
  23  2:14  Drone x2  
  27  2:19  Metabolic Boost  
  27  2:22  Drone  
  28  2:25  Drone  
  29  2:30  Drone  
  29  2:35  Drone  
  31  2:39  Overlord  
  31  2:44  Zergling x2  
  31  2:54  Lair  
  31  2:55  Queen  
  31  2:58  Zergling x2  
  34  3:00  Zergling x2  
  34  3:05  Drone x2  
  37  3:18  Drone x2  
  37  3:19  Drone x4  
  43  3:23  Extractor  
  42  3:33  Drone  
  43  3:34  Overlord  
  43  3:57  Drone  
  43  3:58  Hydralisk Den, Drone  
  43  3:59  Spore Crawler  
  43  4:00  Drone  
  43  4:01  Spore Crawler, Drone x4  
  47  4:04  Drone  
  47  4:05  Overlord  
  47  4:07  Extractor  
  47  4:27  Lurker Den  
  47  4:30  Drone x3, Overlord  
  50  4:33  Hydralisk x2  
  50  4:34  Hydralisk  
  55  4:48  Hydralisk x2  
  59  5:04  Drone  
  59  5:12  Hydralisk x4  
  67  5:15  Hatchery  
  67  5:18  Overlord  
  66  5:23  Hydralisk  
  68  5:33  Evolution Chamber, Drone  
  68  5:36  Evolution Chamber, Overlord x2  
  68  5:37  Drone  
  68  5:42  Hydralisk x2  
  68  5:43  Hydralisk  
  68  5:46  Overlord x2  
  74  5:53  Lurker  
  75  5:59  Extractor  
  75  6:00  Drone x3  
  75  6:01  Drone  
  75  6:02  Drone  
  75  6:03  Drone  
  80  6:09  Lurker  
  81  6:25  Lurker  
  82  6:27  Hydralisk  
  82  6:28  Hydralisk  
  82  6:38  Hydralisk  
  82  6:39  Hydralisk x2  
  84  6:49  Hydralisk  
  84  6:50  Hydralisk  
  85  6:57  Hydralisk x2  
  82  7:05  Zergling x2  
  82  7:06  Zergling x12  
  87  7:26  Hydralisk  
  87  7:27  Hydralisk x4  
  93  7:33  Zergling x8  
  93  7:34  Zergling x6  
  98  7:45  Drone x5  
  99  7:57  Hatchery  
  95  8:02  Hydralisk x2  
  95  8:03  Hydralisk x7  
  83  8:27  Spire  
  82  8:34  Drone x2  
  82  8:35  Drone x5  
  82  8:38  Extractor, Drone x4  
  82  8:39  Extractor, Drone x4  
  82  8:40  Overlord x2  
  95  8:52  Drone, Zergling x2  
  95  8:53  Zergling x2  
  98  8:59  Drone  
  98  9:00  Spore Crawler x2  
  98  9:01  Drone x3  
  100  9:08  Hydralisk x5  
  110  9:12  Muscular Augments  
  110  9:14  Zerg Missile Weapons Level 1  
  110  9:16  Zerg Ground Armor Level 1  
  110  9:30  Queen  
  111  9:34  Hydralisk  
  111  9:35  Hydralisk x4  
  111  9:37  Overlord  
  119  9:51  Extractor x2  
  117  9:53  Drone x3  
  117  9:54  Overlord x2  
  117  9:55  Overlord  
  120  10:04  Hydralisk  
  120  10:05  Hydralisk x3  
  128  10:08  Overseer  
  128  10:16  Hydralisk x3  
  128  10:17  Hydralisk x3  
  128  10:19  Zergling x2  
  128  10:20  Zergling x8  
  145  10:32  Corruptor x3  
  151  10:40  Drone  
  151  10:41  Infestation Pit  
  151  10:42  Overlord x2  
  151  10:43  Spore Crawler  
  150  10:57  Zerg Flyer Armor Level 1  
  146  11:02  Zergling x6  
  146  11:03  Zergling x2  
  149  11:08  Drone x6  
  149  11:09  Drone x6  
  149  11:10  Drone  
  162  11:38  Corruptor x3  
  167  11:48  Corruptor, Hatchery  
  167  11:49  Corruptor  
  167  11:56  Pathogen Glands  
  165  12:14  Overlord  
  165  12:15  Overlord x2  
  165  12:16  Overseer  
  165  12:35  Extractor  
  165  12:36  Extractor  
  163  12:37  Hatchery  
  163  12:42  Infestor  
  163  12:43  Infestor x11  
  186  12:48  Burrow  
  186  12:52  Zergling x12  
  186  12:54  Overlord x4  
  192  13:04  Queen  
  192  13:05  Drone x3  
  197  13:06  Drone  
  197  13:07  Overlord x2  
  198  13:12  Neural Parasite  
  198  13:24  Drone  
  193  13:52  Corruptor x3  
  199  14:08  Zerg Missile Weapons Level 2  
  199  14:09  Zerg Ground Armor Level 2  
  199  14:14  Zergling x2  
  166  15:01  Hydralisk x6  
  166  15:02  Hydralisk x12  
  186  15:21  Zergling x2  
  186  15:22  Zergling x30  
  170  15:46  Zergling x2  
  170  15:47  Zergling x42  
  170  15:48  Zergling x16  
  186  15:56  Infestor x2  
  150  16:24  Zergling x32  
  124  16:52  Zergling x2  
  124  16:53  Zergling x32  
Tags
 
Add a new tag
Caveats
  • Supply blocks, unpowered buildings, or Contaminate may cause inaccurate times.
  • Supply counts are checked every 10 seconds.